 Dungeon Crawl Stone Soup version 0.30.0-21-gd299b56b3f (webtiles) character file.

Game seed: 4248313610872109099

976 qw the Chopper (level 8, -3/48 HPs)
             Began as a Gargoyle Fighter on June 2, 2023.
             Was an Initiate of Okawaru.
             Slain by a gnoll sergeant
             ... wielding a +0 trident
              (6 damage)
             ... on level 6 of the Dungeon.
             The game lasted 00:01:51 (4073 turns).

qw the Chopper (Gargoyle Fighter)                   Turns: 4073, Time: 00:01:52

Health: -3/48      AC: 21    Str: 22    XL:     8   Next: 16%
Magic:  8/8        EV:  6    Int:  9    God:    Okawaru [......]
Gold:   200        SH: 14    Dex: 15    Spells: 7/7 levels left

rFire   . . .        Y - +2 war axe
rCold   . . .        s - +0 tower shield
rNeg    + . .        j - +0 chain mail
rPois   inf          p - +0 helmet
rElec   +            a - +0 cloak
rCorr   .            (no gloves)
SInv    .            (no boots)
Will    .....        (no amulet) Stlth
                     g - +6 ring of dexterity
HPRegen 0.28/turn    q - +4 ring of protection
MPRegen 0.11/turn

%: no passive effects
@: no status effects
A: sickness immunity, AC +5, negative energy resistance 1, electricity
resistance, torment resistance 1, petrification resistance
a: Renounce Religion


You were on level 6 of the Dungeon.
You worshipped Okawaru.
Okawaru was noncommittal.
You visited 2 branches of the dungeon, and saw 7 of its levels.

You collected 200 gold pieces.


Innate Abilities, Weirdness & Mutations

You are immune to sickness and miasma.
Your stone body is resilient. (AC +5)
You are immune to poison.
You resist negative energy. (rN+)
You are resistant to electric shocks. (rElec)
You are resistant to unholy torment.
You are immune to petrification.


   Skills:
 - Level 4.0 Fighting
 - Level 7.1 Axes
 - Level 1.0 Throwing
 - Level 3.2 Armour
 - Level 1.1 Dodging
 + Level 5.5 Shields


You had 7 spell levels left.
You didn't know any spells.
Your spell library was empty.

Inventory:

Hand Weapons
 h - a +0 flail
 Y - a +2 war axe (weapon)
Armour
 a - a +0 cloak (worn)
 j - a +0 chain mail (worn)
 p - a +0 helmet (worn)
 s - a +0 tower shield (worn)
Jewellery
 g - a +6 ring of dexterity (left hand)
 q - a +4 ring of protection (right hand)
Scrolls
 n - a scroll of identify
Potions
 b - a potion of mutation {unknown}
 d - 2 potions of might
 e - 2 potions of haste
 f - a potion of flight {unknown}
 i - 2 potions of attraction
 k - 2 potions of curing
 l - a potion of brilliance {unknown}
 m - a potion of heal wounds {unknown}
 t - a potion of resistance {unknown}

Dungeon Overview and Level Annotations

Branches:
Dungeon (6/15)             Temple (1/1) D:4

Altars:
Cheibriados
Dithmenos
Elyvilon
Fedhas
Gozag
Hepliaklqana
Makhleb
Nemelex Xobeh
Okawaru
Qazlal
Trog
Uskayaw
Xom
Yredelemnul
Zin


Message History

You block the gnoll sergeant's attack. The wraith hits you.
The wraith drains your vigour!
You feel yourself slow down.
The gnoll sergeant hits you from afar with a +0 trident!
The wraith barely misses you.
An adder comes into view.
The adder hisses angrily.
You hit the wraith but do no damage.
The wraith is lightly damaged.
The wraith hits you but does no damage. You block the gnoll sergeant's attack.
The wraith barely misses you. You block the gnoll sergeant's attack.
You hit the wraith.
The wraith is lightly damaged.
You block the wraith's attack.
The gnoll sergeant hits you from afar with a +0 trident.
You block the gnoll sergeant's attack. The wraith hits you but does no damage.
You barely miss the wraith.
The wraith is lightly damaged.
You block the wraith's attack.
The gnoll sergeant hits you but does no damage.
The wraith barely misses you. You block the gnoll sergeant's attack.
You slash the wraith!
The wraith is severely damaged.
You block the wraith's attack.
The gnoll sergeant hits you but does no damage.
The wraith hits you but does no damage.
The gnoll sergeant hits you but does no damage.
You barely miss the wraith.
The wraith is severely damaged.
You block the gnoll sergeant's attack. The wraith completely misses you.
The wraith hits you but does no damage.
The gnoll sergeant hits you from afar with a +0 trident.
You block the gnoll sergeant's attack. The wraith hits you but does no damage.
You hit the wraith.
The wraith is severely damaged.
You feel yourself speed up. You block the wraith's attack.
The gnoll sergeant barely misses you.
The bullfrog releases a deep croak.
The wraith closely misses you.
The gnoll sergeant hits you from afar with a +0 trident.
You die...

.# .. .#
#.#. . S#
#.?. #. g#
#..# #.. g#
#..## ..
f#....
.###.###W.#
....!gg.@#
####.F#.##
#. #.# #
#.#
#.......s
#...(....
#........
#........
.........


You could see a wraith, a sleepcap, a gnoll sergeant, a bullfrog, 3 gnolls and
an adder.

Vanquished Creatures
  An ice beast (D:5)
  An ogre (D:5)
  A centaur (D:6)
  A bullfrog (D:6)
  A scorpion (D:5)
  An iron imp (D:5)
  3 jellies
  A hound (D:4)
  An orc priest (D:6)
  A sleepcap (D:5)
  3 iguanas
  4 orc wizards
  3 gnolls (D:3)
  5 adders
  3 ufetubi
  2 dart slugs
  13 orcs
  2 bats
  5 endoplasms
  A giant cockroach (D:1)
  5 goblins
  5 hobgoblins
  5 quokkas
  5 ball pythons
  3 frilled lizards
  9 kobolds
  3 rats
88 creatures vanquished.

Vanquished Creatures (others)
  A shadow (D:6)
1 creature vanquished.

Grand Total: 89 creatures vanquished

Notes
Turn   | Place    | Note
-------+----------+-------------------------------------------
     0 | D:1      | qw the Gargoyle Fighter began the quest for the Orb.
     0 | D:1      | Reached XP level 1. HP: 14/14 MP: 1/1
     0 | D:1      | 0 ||| qw: Version: 0.2-a-102-gdf20003
     0 | D:1      | 0 ||| qw: Game counter: 844
     0 | D:1      | 0 ||| qw: Always use a shield: true
     0 | D:1      | 0 ||| qw: God list: Okawaru
     0 | D:1      | 0 ||| qw: Allow faded altars: false
     0 | D:1      | 0 ||| qw: Do Orc after D:15 true
     0 | D:1      | 0 ||| qw: Do second Lair branch before Depths: true
     0 | D:1      | 0 ||| qw: Lair rune preference: random
     0 | D:1      | 0 ||| qw: Plans: Normal, Zot:1-4, Slime:5, God:TSO, Crypt,
                  | Tomb, Pan, Hells, Abyss, Win
     0 | D:1      | 0 ||| PLANNING D:1-11
    38 | D:1      | Reached skill level 2 in Axes
   259 | D:1      | Found a faded altar of an unknown god.
   337 | D:1      | Reached XP level 2. HP: 19/19 MP: 2/2
   558 | D:1      | You fall into a shaft and drop 1 floor!
   582 | D:2      | 582 ||| DROPPING +0 club.
   623 | D:2      | Reached skill level 3 in Axes
   623 | D:2      | Reached XP level 3. HP: 23/23 MP: 3/3
   672 | D:2      | 672 ||| UPGRADING to +0 chain mail.
   682 | D:2      | 682 ||| DROPPING +0 scale mail.
   683 | D:2      | 683 ||| READING scroll labelled BESALI ISUROL.
   684 | D:2      | 684 ||| READING scroll labelled ACIV ZUKUE.
   685 | D:2      | 685 ||| READING scroll labelled UGURAE CIBEHE.
   689 | D:2      | 689 ||| READING scroll labelled REESSU BEKK.
   690 | D:2      | 690 ||| READING scroll labelled RADOGRI OW QUUT.
   691 | D:2      | 691 ||| DRINKING 3 coppery potions.
   692 | D:2      | 692 ||| DROPPING scroll of immolation.
   720 | D:2      | Reached skill level 1 in Throwing
  1029 | D:1      | 1029 ||| UPGRADING to +0 cloak.
  1301 | D:2      | 1301 ||| Stepping ~*~*~tactically~*~*~ (stealth).
  1466 | D:2      | 1466 ||| READING 2 scrolls labelled JEAGOH HAISECS.
  1467 | D:2      | 1467 ||| DROPPING scroll of amnesia.
  1510 | D:3      | Found a blossoming altar of Fedhas.
  1554 | D:3      | 1554 ||| DROPPING +0 whip.
  1571 | D:3      | 1571 ||| Stepping ~*~*~tactically~*~*~ (stealth).
  1607 | D:3      | Reached XP level 4. HP: 16/28 MP: 4/4
  1693 | D:3      | Reached skill level 4 in Axes
  1805 | D:3      | 1805 ||| Stepping ~*~*~tactically~*~*~ (hiding).
  2046 | D:3      | 2046 ||| Stepping ~*~*~tactically~*~*~ (stealth).
  2057 | D:3      | Reached XP level 5. HP: 15/32 MP: 5/5
  2060 | D:3      | 2060 ||| FLEEEEING.
  2061 | D:3      | 2061 ||| FLEEEEING.
  2062 | D:3      | 2062 ||| FLEEEEING.
  2063 | D:3      | 2063 ||| FLEEEEING.
  2066 | D:3      | 2066 ||| FLEEEEING.
  2067 | D:3      | 2067 ||| FLEEEEING.
  2068 | D:3      | 2068 ||| FLEEEEING.
  2069 | D:3      | 2069 ||| FLEEEEING.
  2070 | D:3      | 2070 ||| FLEEEEING.
  2071 | D:3      | 2071 ||| FLEEEEING.
  2073 | D:3      | 2073 ||| FLEEEEING.
  2074 | D:3      | 2074 ||| FLEEEEING.
  2075 | D:3      | 2075 ||| FLEEEEING.
  2076 | D:3      | 2076 ||| FLEEEEING.
  2077 | D:3      | 2077 ||| FLEEEEING.
  2080 | D:3      | 2080 ||| FLEEEEING.
  2081 | D:3      | 2081 ||| FLEEEEING.
  2082 | D:3      | 2082 ||| FLEEEEING.
  2083 | D:3      | 2083 ||| FLEEEEING.
  2084 | D:3      | 2084 ||| FLEEEEING.
  2085 | D:3      | 2085 ||| FLEEEEING.
  2086 | D:3      | 2086 ||| FLEEEEING.
  2087 | D:3      | 2087 ||| FLEEEEING.
  2088 | D:3      | 2088 ||| FLEEEEING.
  2291 | D:3      | 2291 ||| Stepping ~*~*~tactically~*~*~ (hiding).
  2306 | D:3      | Reached skill level 5 in Axes
  2400 | D:3      | 2400 ||| UPGRADING to +6 ring of dexterity.
  2401 | D:3      | 2401 ||| READING scroll labelled AKEMUO VUFAG.
  2402 | D:3      | 2402 ||| READING scroll labelled HALARROUTIXUSO.
  2403 | D:3      | 2403 ||| DRINKING 3 pink potions.
  2404 | D:3      | 2404 ||| DRINKING 3 viscous ruby potions.
  2425 | D:4      | Reached skill level 1 in Dodging
  2433 | D:4      | Reached XP level 6. HP: 27/37 MP: 6/6
  2435 | D:4      | 2435 ||| DRINKING 2 potions of curing.
  2435 | D:4      | 2435 ||| (to cure confusion)
  2515 | D:4      | Found a staircase to the Ecumenical Temple.
  2516 | D:4      | 2516 ||| PLANNING TEMPLE
  2524 | Temple   | Entered the Ecumenical Temple
  2638 | Temple   | 2638 ||| PLANNING D:1-11
  2829 | D:4      | Found a burning altar of Makhleb.
  2995 | D:4      | Found a bloodstained altar of Trog.
  3066 | D:4      | 3066 ||| UPGRADING to +0 helmet.
  3071 | D:4      | 3071 ||| UPGRADING to +4 ring of protection.
  3072 | D:4      | 3072 ||| READING 2 scrolls of identify.
  3072 | D:4      | 3072 ||| IDENTIFYING bubbling sapphire potion
  3073 | D:4      | 3073 ||| DROPPING potion of berserk rage.
  3079 | D:5      | Entered Level 5 of the Dungeon
  3079 | D:5      | Noticed an ice beast
  3091 | D:5      | Killed an ice beast
  3092 | D:5      | Reached skill level 6 in Axes
  3092 | D:5      | Reached XP level 7. HP: 16/43 MP: 7/7
  3125 | D:5      | 3125 ||| FLEEEEING.
  3126 | D:5      | 3126 ||| FLEEEEING.
  3127 | D:5      | 3127 ||| STAIRDANCE
  3297 | D:5      | Found a snail-covered altar of Cheibriados.
  3532 | D:5      | Reached skill level 7 in Axes
  3539 | D:5      | 3539 ||| READING scroll of enchant weapon.
  3539 | D:5      | 3539 ||| ENCHANTING +1 war axe.
  3593 | D:5      | Found a shimmering altar of Xom.
  3669 | D:5      | Found an iron altar of Okawaru.
  3670 | D:5      | 3670 ||| PLANNING OKAWARU WORSHIP
  3670 | D:5      | 3670 ||| UPGRADING to +0 tower shield.
  3680 | D:5      | 3680 ||| DROPPING +0 buckler.
  3681 | D:5      | Found a hazy altar of Hepliaklqana.
  3688 | D:5      | Became a worshipper of Warmaster Okawaru
  3688 | D:5      | 3688 ||| PLANNING D:1-11
  3799 | D:5      | 3799 ||| READING scroll labelled KAKKEN DEAPP.
  3887 | D:6      | HP: 9/43 [orc warrior/+0 halberd (10)]
  3888 | D:6      | 3888 ||| READING 2 scrolls of teleportation.
  3889 | D:6      | HP: 2/43 [orc priest/divine providence (8)]
  3891 | D:6      | 3891 ||| READING scroll of teleportation.
  3999 | D:6      | 3999 ||| Stepping ~*~*~tactically~*~*~ (stealth).
  4042 | D:6      | Noticed a wraith
  4046 | D:6      | Noticed a shadow
  4054 | D:6      | Killed a shadow
  4055 | D:6      | Reached XP level 8. HP: 38/48 MP: 8/8
  4067 | D:6      | HP: 7/48 [gnoll sergeant/+0 trident (10)]
  4072 | D:6      | HP: 2/48 [gnoll sergeant/+0 trident (5)]
  4073 | D:6      | Slain by a gnoll sergeant

Levels and vault maps discovered:
D:1:      dpeg_arrival_round_b, layout_basic, hellmonk_ecumenical_altar_blasted
D:2:      layout_rooms
D:3:      minmay_door_path, layout_loops_ring, fedhas_altar_3
D:4:      layout_cave_pools, mainiacjoe_overflow_small_starburst,
          kennysheep_mini_moat, minmay_temple_entry_gardened_gates
D:5:      layout_basic, mainiacjoe_overflow_cross_hatched, minitemple,
          slow_altar_1, serial_glass, glass_columns_b, glass_columns_b,
          item_on_display_a, item_on_display_a
D:6:      layout_basic, lemuel_round_altar, minmay_manual_mail, uniq_edmund
Temple:   nicolae_temple_bog_church

Skill      XL: |  1  2  3  4  5  6  7  8 |
---------------+-------------------------+-----
Axes           | 2 3 4 5 6 7 |  7.1
Throwing       | 1 |  1.0
Dodging        | 1 |  1.1
Fighting       | 4 |  4.0
Shields        | 4 5 |  5.5
Armour         | |  3.2

Action                     |  1- 3 |  4- 6 |  7- 9 || total
---------------------------+-------+-------+-------++-------
  Melee: War axe           |    97 |   102 |    84 ||   283
  Throw: Javelin           |    12 |    12 |     7 ||    31
    Use: Scroll            |     6 |     3 |     4 ||    13
         Potion            |     1 |     3 |       ||     4
 Armour: Scale mail        |    16 |       |       ||    16
         Chain mail        |    40 |    69 |    58 ||   167
  Dodge: Dodged            |    39 |    50 |    34 ||   123
  Block: Buckler           |    14 |    29 |     9 ||    52
         Tower shield      |       |       |    54 ||    54

Table legend:
 A = Non-vault XP
 B = Vault XP
 C = Vault XP percentage of total XP
 D = Non-vault monster count
 E = Vault monster count
 F = Vault count percentage of total count
                 A         B        C        D         E       F
            +---------+---------+-------+---------+---------+-------
      Total |    1096 |     299 |  21.4 |      82 |       7 |   7.9
            +---------+---------+-------+---------+---------+-------
        D:1 |      24 |       0 |   0.0 |      14 |       0 |   0.0
        D:2 |      49 |       0 |   0.0 |      15 |       0 |   0.0
        D:3 |     192 |       3 |   1.5 |      19 |       2 |   9.5
        D:4 |     216 |       0 |   0.0 |      19 |       0 |   0.0
        D:5 |     477 |      44 |   8.4 |      10 |       1 |   9.1
        D:6 |     138 |     252 |  64.6 |       5 |       4 |  44.4
            +---------+---------+-------+---------+---------+-------
